 Dungeon Crawl Stone Soup version 0.28.0-62-gf88900778d (webtiles) character file.

Game seed: 894325674351756835

27962 cbfl8 the Severer (level 13, -9/104 HPs)
             Began as a Minotaur Fighter on Aug 26, 2023.
             Was a Priest of Hepliaklqana.
             Shot with an arrow by a centaur warrior (26 damage)
             ... on level 14 of the Dungeon.
             The game lasted 00:24:52 (20334 turns).

cbfl8 the Severer (Minotaur Fighter)               Turns: 20334, Time: 00:24:53

Health: -9/104     AC: 17    Str: 25    XL:     13   Next: 7%
Magic:  13/13      EV:  7    Int:  5    God:    Hepliaklqana [***...]
Gold:   260        SH: 16    Dex: 14    Spells: 12/12 levels left

rFire   + . .      SeeInvis +   a - +1 war axe
rCold   . . .      Faith    .   j - +0 kite shield
rNeg    + . .      Spirit   .   y - +0 chain mail of Grottiness {Slay+2}
rPois   .          Reflect  +   (helmet restricted)
rElec   .          Harm     .   r - +1 cloak {rCorr}
rCorr   +          Rampage  .   (no gloves)
Will    .....                   n - +1 pair of boots of Limited Liability {Str+3 SInv}
Stlth   ..........              A - amulet of reflection
HPRegen 0.27/turn               s - ring of positive energy
MPRegen 0.13/turn               q - ring of protection from fire

@: no status effects
A: reduced essence, horns 2, retaliatory headbutt, high MP 1, sense surroundings
1
a: Renounce Religion, Recall Ancestor, Ancestor Identity, Transference


You were on level 14 of the Dungeon.
You worshipped Hepliaklqana.
Hepliaklqana was most pleased with you.
You visited 2 branches of the dungeon, and saw 15 of its levels.
You visited the Abyss 1 time.

You collected 909 gold pieces.
You spent 649 gold pieces at shops.

Inventory:

Hand Weapons
 a - a +1 war axe (weapon)
Armour
 j - a +0 kite shield (worn)
 n - the +1 pair of boots of Limited Liability (worn) {Str+3 SInv}
   (You found it on level 2 of the Dungeon)

   Str:       It affects your strength (+3).
   SInv:      It lets you see invisible.
 r - a +1 cloak of preservation (worn)
 y - the +0 chain mail of Grottiness (worn) {Slay+2}
   (You found it on level 10 of the Dungeon)

   Slay:      It affects your accuracy & damage with ranged weapons and melee
   (+2).
Jewellery
 o - a ring of ice
 q - a ring of protection from fire (right hand)
 s - a ring of positive energy (left hand)
 A - an amulet of reflection (around neck)
Wands
 E - a wand of flame (31)
Scrolls
 c - a scroll of noise
 l - 2 scrolls of immolation
 m - 2 scrolls of enchant weapon
 u - 2 scrolls of fear
 v - a scroll of teleportation
 x - 2 scrolls of magic mapping
 B - 5 scrolls of fog
Potions
 e - a potion of cancellation {unknown}
 f - 4 potions of flight
 g - 2 potions of curing
 h - 5 potions of mutation
 k - 3 potions of resistance
 p - 2 potions of lignification {unknown}
 t - a potion of attraction {unknown}
 D - 2 potions of ambrosia {unknown}
Miscellaneous
 i - a lightning rod (4/4) (quivered)


   Skills:
 + Level 11.0 Fighting
 + Level 15.3 Axes
 + Level 12.6 Armour
 + Level 10.1 Shields
 * Level 9.3 Evocations


You had 12 spell levels left.
You didn't know any spells.
Your spell library contained the following spells:

 Spells                   Type           Power      Damage    Failure   Level
 Magic Dart               Conj           0%         1d3       99%         1
 Sting                    Tmut/Pois      0%         1d3       99%         1
 Call Imp                 Summ           0%         N/A       100%        2
 Ensorcelled Hibernation  Hex/Ice        0%         N/A       100%        2
 Poisonous Vapours        Pois/Air       0%         N/A       100%        2
 Static Discharge         Conj/Air       0%         N/A       100%        2
 Mephitic Cloud           Conj/Pois/Air  0%         N/A       100%        3
 Spider Form              Tmut/Pois      0%         N/A       100%        3
 Anguish                  Hex/Necr       0%         N/A       100%        4
 Olgreb's Toxic Radiance  Pois           0%         N/A       100%        4
 Lightning Bolt           Conj/Air       0%         1d11      100%        5
 Malign Gateway           Summ/Tloc      0%         N/A       100%        7
 Maxwell's Capacitive Co  Air            0%         ∞         100%        8
 Summon Horrible Things   Summ           0%         N/A       100%        8


Dungeon Overview and Level Annotations

Branches:
Dungeon (14/15)            Temple (1/1) D:7            Lair (0/6) D:9
    Orc (0/2) D:10         Vaults (0/5) D:13

Altars:
Ashenzari
Fedhas
Gozag
Hepliaklqana
Kikubaaqudgha
Qazlal
Ru
Trog
Uskayaw
Vehumet
Xom
Yredelemnul
Zin

Shops:
D:3 !*[*!   D:11 *   D:12 *

Annotations:
D:10 3 runed translucent doors, cbfl8's ghost, journeyman DsBe


Innate Abilities, Weirdness & Mutations

Your life essence is reduced to manifest your ancestor. (-10% HP)
You have a pair of horns on your head.
You reflexively headbutt those who attack you in melee.
You have an increased reservoir of magic. (+10% MP)
You passively map a small area around you.


Message History

You block the centaur warrior's attack.
The centaur warrior kicks you but does no damage.
You closely miss the centaur warrior.
The centaur warrior is heavily wounded.
You slash the centaur warrior! The centaur warrior barely misses you.
The centaur warrior kicks you but does no damage.
The centaur warrior shoots an arrow.
You reflect the arrow off an invisible shield around you!
The arrow closely misses the centaur warrior.
The centaur warrior hits you!
* * * LOW HITPOINT WARNING * * *
The centaur warrior kicks you but does no damage.
You block the centaur warrior's attack. x2
You hit the centaur warrior.
The centaur warrior is heavily wounded.
You slash the centaur warrior!
The centaur warrior shoots an arrow.
You reflect the arrow off an invisible shield around you!
The arrow hits the centaur warrior!!
You block the centaur warrior's attack. x2
The centaur warrior hits you but does no damage.
The centaur warrior completely misses you.
The centaur warrior shoots an arrow.
The arrow hits you.
* * * LOW HITPOINT WARNING * * *
The centaur warrior barely misses you. The centaur warrior closely misses you.
Blink to where?
Press: ? - help, Dir - move target
As you read the scroll of blinking, it crumbles to dust.
The centaur warrior wields a +0 longbow.
The centaur warrior shoots an arrow.
You reflect the arrow off an invisible shield around you!
The arrow hits the centaur warrior.
The centaur warrior wields a +0 shortbow.
The centaur warrior shoots an arrow.
The arrow hits you!
* * * LOW HITPOINT WARNING * * *
The centaur warrior shoots an arrow.
You reflect the arrow off an invisible shield around you!
The arrow hits the centaur warrior!!
You kill the centaur warrior!
Your lightning rod (4/4) has regained one charge.
The centaur warrior shoots an arrow.
The arrow hits you!!
You die...

* , * ##### #### ,
##...##...##
##....@.....##
#...)........# *
#....).......# *
#####..).........#
,
.......?!.......##
*
*#...###)..##...##
..# * #§### ####
,....c.cc#
####.####


You could see 2 centaur warriors.

Vanquished Creatures
  An angel (D:12)
  Erolcha (D:12)
  A hydra (D:12)
  2 boulder beetles
  A death knight (D:10)
  2 centaur warriors
  A two-headed ogre (D:7)
  A tengu warrior (D:13)
  A deep elf pyromancer (D:11)
  4 ugly things
  2 cyclopes (D:13)
  Maurice (D:9)
  A gargoyle (D:11)
  An efreet (D:13)
  Psyche (D:8)
  A tengu conjurer (D:13)
  4 trolls
  9 slime creatures
  A vampire (D:12)
  A wraith (D:13)
  2 shadows
  A small abomination (Abyss:2)
  A wyvern (D:8)
  5 yaks
  4 vampire mosquitoes
  A steam dragon (D:7)
  An acid dragon (D:11)
  A water moccasin (D:5)
  3 orc warriors
  A hornet zombie (D:5)
  2 sky beasts (D:7)
  2 black bears
  2 ice beasts
  2 ogres (D:4)
  11 centaurs
  3 phantoms
  2 kobold brigands
  4 bullfrogs
  A water moccasin zombie (D:5)
  A water moccasin skeleton (D:4)
  4 wights (D:8)
  A centaur zombie (D:9)
  A hound (D:6)
  A bullfrog skeleton (D:5)
  3 orc priests
  A jelly (D:2)
  Jessica (D:2)
  An iguana (D:4)
  A battlemage (D:11)
  17 orc wizards
  Natasha (D:2)
  2 killer bee zombies
  2 howler monkey zombies
  10 adders
  A shadow imp (D:6)
  An ufetubus (D:4)
  An adder skeleton (D:2)
  2 dart slugs
  4 worms
  34 orcs
  6 bats
  6 endoplasms
  2 giant cockroaches
  7 goblins
  8 hobgoblins
  8 jackals
  4 quokkas
  7 ball pythons
  5 frilled lizards
  13 kobolds
  6 rats
248 creatures vanquished.

Vanquished Creatures (collateral kills)
  A vault guard (D:13)
  A hydra (D:13)
  A centaur warrior (D:13)
  2 two-headed ogres
  A deep troll (D:13)
  A cyclops (D:13)
  An ugly thing (D:12)
  2 manticores (D:13)
  An unseen horror (D:13)
  A freezing wraith (D:13)
  A troll (D:12)
  A queen bee (shapeshifter) (D:13)
  7 slime creatures
  A vampire (D:11)
  4 yaks
  2 vampire mosquitoes
  2 acid dragons
  An orc warrior (D:10)
  A swamp drake (D:10)
  3 centaurs
  2 orc priests
  3 orc wizards
  A small abomination (Abyss:2)
  6 orcs
47 creatures vanquished.

Vanquished Creatures (others)
  8 battlemagi
  2 ancestors
  An orc (D:7)
11 creatures vanquished.

Grand Total: 306 creatures vanquished

Notes
Turn   | Place    | Note
-------+----------+-------------------------------------------
     0 | D:1      | cbfl8 the Minotaur Fighter began the quest for the Orb.
     0 | D:1      | Reached XP level 1. HP: 19/19 MP: 0/0
   259 | D:1      | Found a faded altar of an unknown god.
   301 | D:1      | Reached XP level 2. HP: 27/27 MP: 1/1
   708 | D:1      | Reached skill level 1 in Evocations
   708 | D:1      | Reached XP level 3. HP: 31/33 MP: 2/2
   983 | D:2      | Identified the +1 pair of boots of Limited Liability {Str+3
                  | SInv}
  1189 | D:2      | Reached skill level 3 in Axes
  1359 | D:2      | Noticed Jessica
  1375 | D:2      | Killed Jessica
  1376 | D:2      | Reached XP level 4. HP: 35/40 MP: 3/3
  1897 | D:2      | Noticed Natasha
  1906 | D:2      | Killed Natasha
  2134 | D:2      | Reached XP level 5. HP: 43/46 MP: 4/4
  2136 | D:2      | Reached skill level 4 in Axes
  2323 | D:3      | Found Ubrim's Antique Armour Shop.
  2352 | D:3      | Found Qehu's Distillery.
  2357 | D:3      | Bought a potion of heal wounds for 65 gold pieces
  2477 | D:3      | Found Muedwael's Assorted Antiques.
  2489 | D:3      | Bought a scroll labelled SOISKI DUEWIDU for 25 gold pieces
  2495 | D:3      | Found Tisujeqo's Assorted Antiques.
  2555 | D:3      | Bought a scroll labelled LEPPAE ROTZ for 24 gold pieces
  2555 | D:3      | Bought a scroll labelled SUOBEU FORILA for 24 gold pieces
  2690 | D:3      | Found Xakkia's Distillery.
  2923 | D:4      | Reached skill level 5 in Armour
  2923 | D:4      | Reached XP level 6. HP: 28/53 MP: 5/5
  3221 | D:4      | Reached skill level 5 in Axes
  3519 | D:5      | Entered Level 5 of the Dungeon
  3519 | D:5      | Noticed a water moccasin
  3537 | D:5      | Noticed an orc warrior
  3538 | D:5      | Noticed an ice beast
  3705 | D:5      | Killed a water moccasin
  3706 | D:5      | Reached skill level 6 in Axes
  3706 | D:5      | Reached XP level 7. HP: 50/60 MP: 6/6
  4492 | D:5      | Reached skill level 7 in Axes
  4713 | D:5      | Reached skill level 5 in Fighting
  4713 | D:5      | Reached XP level 8. HP: 61/68 MP: 7/7
  4941 | D:4      | Reached skill level 8 in Axes
  5315 | D:5      | Reached skill level 5 in Shields
  5598 | D:3      | Bought a potion of heal wounds for 65 gold pieces
  5642 | D:3      | Bought a potion of might for 40 gold pieces
  6095 | D:6      | You fall into a shaft and drop 3 floors!
  6302 | D:7      | Found a staircase to the Ecumenical Temple.
  6315 | Temple   | Entered the Ecumenical Temple
  6345 | Temple   | Became a worshipper of Hepliaklqana the Forgotten
  6713 | D:6      | Reached skill level 9 in Axes
  7083 | D:7      | Reached * piety under Hepliaklqana
  7128 | D:7      | Reached XP level 9. HP: 67/67 MP: 8/8
  7152 | D:7      | Identified the +9 flail of Purpose {drain, *Noise rC++
                  | Int+2}
  7417 | D:7      | Noticed a two-headed ogre
  7432 | D:7      | Killed a two-headed ogre
  7433 | D:7      | Reached skill level 10 in Axes
  7433 | D:7      | Reached skill level 5 in Evocations
  7766 | D:3      | Bought a potion of heal wounds for 50 gold pieces
  7766 | D:3      | Bought a potion of heal wounds for 50 gold pieces
  8825 | D:8      | Noticed Psyche
  8830 | D:8      | Killed Psyche
  9141 | D:8      | Identified the +0 ring mail of Vlad {Slay+5}
  9282 | D:3      | Bought a potion of heal wounds for 120 gold pieces
  9597 | D:9      | Found a staircase to the Lair.
  9607 | D:9      | Reached skill level 11 in Axes
  9607 | D:9      | Reached XP level 10. HP: 36/77 MP: 9/9
 10028 | D:9      | Reached ** piety under Hepliaklqana
 10029 | D:9      | Remembered your ancestor Valentine as a battlemage
 10214 | D:9      | Found an ancient bone altar of Kikubaaqudgha.
 10227 | D:9      | Noticed Maurice
 10234 | D:9      | Killed Maurice
 10524 | D:10     | Entered Level 10 of the Dungeon
 10547 | D:10     | Noticed a death knight
 10560 | D:10     | Killed a death knight
 10912 | D:10     | Reached skill level 12 in Axes
 10912 | D:10     | Reached skill level 10 in Armour
 11011 | D:10     | Identified the +0 chain mail of Grottiness {Slay+2}
 11052 | D:10     | Found a runed translucent gate.
 11052 | D:10     | Found a runed translucent gate.
 11053 | D:10     | Found a runed translucent gate.
 11054 | D:10     | Noticed a spectral wolf spider
 11055 | D:10     | Noticed cbfl8's ghost (journeyman DsBe)
 11114 | D:10     | Found a staircase to the Orcish Mines.
 11515 | D:11     | Noticed a boulder beetle
 11525 | D:11     | Found Hegugg's Assorted Antiques.
 11533 | D:11     | Noticed a gargoyle
 11538 | D:11     | Killed a gargoyle
 11739 | D:11     | Bought a scroll labelled FAMORH JAWU for 22 gold pieces
 11782 | D:11     | Noticed a deep elf pyromancer
 11783 | D:11     | Reached XP level 11. HP: 78/84 MP: 10/10
 11788 | D:11     | Killed a deep elf pyromancer
 11805 | D:11     | Killed a boulder beetle
 12401 | D:11     | Reached skill level 13 in Axes
 12798 | D:12     | Found Oclos's Fire Supplies.
 12892 | D:12     | Noticed a white ugly thing
 12898 | D:12     | Killed a white ugly thing
 13199 | D:12     | Noticed a four-headed hydra
 13211 | D:12     | Killed a five-headed hydra
 13313 | D:12     | Noticed a brown ugly thing
 13321 | D:12     | Killed a brown ugly thing
 13715 | D:3      | Bought a potion of heal wounds for 125 gold pieces
 13753 | D:3      | Bought a potion of curing for 39 gold pieces
 14421 | D:12     | Noticed Erolcha
 14422 | D:12     | Cast into level 2 of the Abyss (Erolcha)
 14493 | Abyss:2  | Gained mutation: You are dopey. (Int -2) [potion of
                  | mutation]
 14493 | Abyss:2  | Gained mutation: You occasionally shout uncontrollably at
                  | your foes. [potion of mutation]
 14494 | Abyss:2  | Lost mutation: You occasionally shout uncontrollably at
                  | your foes. [potion of mutation]
 14494 | Abyss:2  | Lost mutation: You are dopey. (Int -2) [potion of mutation]
 14494 | Abyss:2  | Gained mutation: You have large cloven feet. [potion of
                  | mutation]
 14497 | Abyss:2  | Noticed a large abomination
 14553 | Abyss:2  | Noticed an angel
 14558 | Abyss:2  | Noticed a hell hog
 14558 | D:12     | Escaped the Abyss
 14749 | D:13     | Noticed a purple ugly thing
 14755 | D:13     | Killed a purple ugly thing
 14823 | D:13     | Noticed a boulder beetle
 14824 | D:13     | Noticed a two-headed ogre
 14827 | D:13     | Noticed a centaur warrior
 14926 | D:12     | Lost mutation: You have large cloven feet. [potion of
                  | mutation]
 14926 | D:12     | Gained mutation: You passively map a small area around you.
                  | [potion of mutation]
 14926 | D:12     | Gained mutation: You have an increased reservoir of magic.
                  | (+10% MP) [potion of mutation]
 15003 | D:12     | Killed Erolcha
 15317 | D:12     | Reached *** piety under Hepliaklqana
 15327 | D:12     | Noticed a two-headed ogre
 15337 | D:12     | Killed a two-headed ogre
 15338 | D:12     | Reached skill level 14 in Axes
 15338 | D:12     | Reached XP level 12. HP: 37/95 MP: 12/12
 16097 | D:13     | Noticed an eight-headed hydra
 16102 | D:13     | Killed an eight-headed hydra
 16350 | D:13     | Reached skill level 10 in Fighting
 16354 | D:13     | Killed a two-headed ogre
 16494 | D:13     | Killed a boulder beetle
 16786 | D:13     | Killed a centaur warrior
 17972 | D:13     | Noticed a centaur warrior
 17978 | D:13     | Killed a centaur warrior
 17979 | D:13     | Reached skill level 15 in Axes
 18222 | D:13     | Noticed a vault guard
 18242 | D:13     | Killed a vault guard
 18588 | D:13     | Found a gate to the Vaults.
 19192 | D:12     | Killed an angel
 19193 | D:12     | Reached skill level 10 in Shields
 19808 | D:12     | Found Oclos's Fire Supplies.
 20128 | D:14     | Noticed a tengu warrior
 20142 | D:13     | Killed a tengu warrior
 20143 | D:13     | Reached XP level 13. HP: 61/103 MP: 13/13
 20334 | D:14     | Shot with an arrow by a centaur warrior

Illustrated notes

Levels and vault maps discovered:
D:1:      roderic_octagonal_star, layout_loops_ring,
          shapermc_ecumenical_altar_notcrosses, kennysheep_minor_cross
D:2:      layout_basic, minmay_divided_ellipse, uniq_natasha, uniq_jessica
D:3:      layout_loops_ring, serial_shops, shop_statue, shop_statue,
          nicolae_shop_trees, nicolae_shop_statue_plus, shop
D:4:      layout_rooms, serial_bayou_pond_d
D:5:      layout_rooms, serial_corexii_hall, corexii_hall_statues_x,
          corexii_hall_statues_u, corexii_hall_statues_i,
          corexii_hall_statues_s, chequers_hall_statues_wall_a,
          chequers_hall_statues_wall_a
D:6:      layout_cave_pools, minmay_stone_trees_medium
D:7:      layout_basic, minmay_temple_entry_statues
D:8:      layout_loops_cross, uniq_psyche
D:9:      layout_roguey, kennysheep_mini, lair_entry_dummy,
          chequers_serial_rivers_small_b, kennysheep_decorative_pillar,
          uniq_maurice
D:10:     layout_rooms, erik_orc_1, gammafunk_ghost_necromancy
D:11:     layout_rooms, serial_shops, shop
D:12:     layout_gridville, nicolae_shop_fire_sale [nicolae_sub_dead_trees],
          uniq_erolcha
D:13:     minmay_s_stair_smasher, layout_layer_cave, david_vaults_4
D:14:     layout_rooms, minmay_misc_feat_pillars
Temple:   nicolae_temple_the_god_donut

Skill      XL: |  1  2  3  4  5  6  7  8  9 10 11 12 13 |
---------------+----------------------------------------+-----
Armour         | 4 5 6 7 9 10 11 12 | 12.6
Evocations     | 1 2 3 4 5 6 8 9 |  9.3
Shields        | 4 5 6 8 10 | 10.1
Axes           | 3 4 6 7 9 11 12 14 15 | 15.3
Fighting       | 4 5 7 8 9 10 11 | 11.0

Action                   |  1- 3 |  4- 6 |  7- 9 | 10-12 | 13-15 || total
-------------------------+-------+-------+-------+-------+-------++-------
Melee: War axe           |    80 |   121 |   242 |   323 |    14 ||   780
       Headbutt          |    11 |    21 |    42 |    95 |     3 ||   172
Invok: Ancestor Life: Ba |       |       |       |     1 |       ||     1
       Ancestor Identity |       |       |       |     1 |       ||     1
       Recall Ancestor   |       |       |       |     3 |       ||     3
Evoke: Wand              |       |       |       |    22 |       ||    22
       Lightning rod     |       |       |       |     1 |       ||     1
  Use: Scroll            |     1 |     4 |     3 |    14 |     1 ||    23
       Potion            |       |       |     6 |    18 |     1 ||    25
 Stab: Distracted        |       |       |     1 |    11 |       ||    12
Armor: Scale mail        |    36 |    55 |       |       |       ||    91
       Chain mail        |       |     8 |    66 |   114 |    15 ||   203
       Plate armour      |       |       |   123 |    38 |       ||   161
Dodge: Dodged            |    44 |    53 |    84 |    92 |    13 ||   286
Block: Buckler           |    23 |    27 |    58 |    14 |       ||   122
       Kite shield       |       |       |       |   246 |    26 ||   272
       Reflection        |       |       |       |    19 |     9 ||    28
